 Dungeon Crawl Stone Soup version 0.29-a0-643-ga013cefcf8 (webtiles) character file.

Game seed: 1385409440184971018

246869 shoop the Sensei (level 21, -4/220 HPs)
             Began as a Meteoran Transmuter on June 18, 2022.
             Was the Champion of Okawaru.
             Slain by a yaktaur captain (19 damage)
             ... on level 3 of the Vaults on June 19, 2022.
             The game lasted 02:55:33 (13997 turns).

shoop the Sensei (Meteoran Transmuter)             Turns: 13997, Time: 02:55:36

Health: -4/220     AC: 17    Str: 14    XL:     21   Next: 16%
Magic:  14/31      EV: 23    Int: 22    God:    Okawaru [******]
Gold:   1847       SH:  0    Dex: 18    Spells: 2/30 levels left

rFire   x . .      SeeInvis .     - Unarmed
rCold   + + +      Faith    +   (shield currently unavailable)
rNeg    . . .      Spirit   .   (body armour currently unavailable)
rPois   +          Reflect  .   (helmet currently unavailable)
rElec   .          Harm     .   (cloak currently unavailable)
rCorr   .          Rampage  .   (gloves currently unavailable)
Will    ++...                   (boots currently unavailable)
Stlth   ++........              N - amulet of faith
HPRegen 0.46/turn               o - ring of ice
MPRegen 0.22/turn               s - ring of protection from fire

@: ice-form, heroic, glowing
A: freezing attack, amphibious, boosted hp, large, sense surroundings 3,
otherworldly, glowing, explore regen, (horns 1), (sturdy frame 1)
}: 2/15 runes: decaying, serpentine
a: End Transformation, Renounce Religion, Heroism, Finesse, Duel


You were on level 3 of the Vaults.
You worshipped Okawaru.
Okawaru was exalted by your worship.
You were a creature of crystalline ice.
You visited 6 branches of the dungeon, and saw 34 of its levels.
You also visited: Sewer, Gauntlet and Ice Cave.

You collected 3273 gold pieces.
You spent 1426 gold pieces at shops.

Inventory:

Missiles
 S - 5 boomerangs of dispersal
Armour
 j - a +0 pair of gloves (melded)
 z - the +0 ring mail of Okawaru's Approval (melded) {Int+10}
   (Okawaru gifted it to you on level 2 of the Orcish Mines)

   Int:       It affects your intelligence (+10).
 K - a +1 robe of willpower
 M - an orb of guile
Magical Staves
 m - a staff of cold (melded)
Jewellery
 a - an amulet of magic regeneration
 h - a ring of resist corrosion
 o - a ring of ice (left front paw)
 s - a ring of protection from fire (right front paw)
 B - a ring of willpower
 C - a ring of see invisible
 G - a ring of flight
 N - an amulet of faith (around neck)
 U - a +6 ring of intelligence
 V - an amulet of regeneration
 W - an amulet of reflection
Wands
 d - a wand of mindburst (8)
 E - a wand of iceblast (17)
 O - a wand of flame (16)
 T - a wand of polymorph (8)
 X - a wand of digging (3)
 Z - a wand of light (15)
Scrolls
 e - 4 scrolls of fog
 f - 10 scrolls of teleportation
 i - 4 scrolls of fear
 k - 3 scrolls of amnesia
 n - a scroll of magic mapping
 r - 6 scrolls of vulnerability
 t - a scroll of identify
 u - 2 scrolls of enchant armour
 w - 4 scrolls of blinking
 y - 4 scrolls of brand weapon
 D - a scroll of immolation
 H - 3 scrolls of enchant weapon
 Y - 4 scrolls of silence
Potions
 b - 4 potions of lignification
 c - 8 potions of curing
 g - 3 potions of attraction
 l - 6 potions of mutation
 p - 3 potions of magic
 q - 4 potions of cancellation
 v - 8 potions of haste
 A - 6 potions of heal wounds
 F - 3 potions of ambrosia
 I - 3 potions of brilliance
 P - 5 potions of flight
 Q - a potion of berserk rage
Miscellaneous
 x - a lightning rod (4/4)
 J - a tin of tremorstones (2/2)
 L - a phial of floods
 R - a box of beasts


   Skills:
 - Level 15.3(20.3) Fighting
 - Level 16.1(21.1) Dodging
 - Level 22.7(27) Unarmed Combat
 - Level 5.3 Spellcasting
 - Level 8.0 Conjurations
 - Level 7.0 Translocations
 + Level 11.5 Transmutations
 - Level 9.0 Ice Magic
 - Level 9.0 Air Magic
 + Level 9.5 Earth Magic
 - Level 2.0 Poison Magic
 - Level 13.0 Invocations
 - Level 4.0 Evocations


You had 2 spell levels left.
You knew the following spells:

 Your Spells              Type           Power      Damage    Failure   Level
a - Freezing Cloud        Conj/Ice/Air   30%        6-21      8%          5
b - Blink                 Tloc           72%        N/A       1%          2
c - Ice Form              Ice/Tmut       66%        N/A       1%          4
d - Manifold Assault      Tloc           36%        N/A       16%         5
e - Statue Form           Tmut/Erth      34%        N/A       21%         6
f - Beastly Appendage     Tmut           100%       N/A       1%          1
p - Passwall              Tmut/Erth      42%        N/A       1%          2
s - Swiftness             Air            45%        N/A       1%          3

Your spell library contained the following spells:

 Spells                   Type           Power      Damage    Failure   Level
 Magic Dart               Conj           100%       1d8       1%          1
 Searing Ray              Conj           82%        2d7       1%          2
 Wereblood                Tmut           54%        N/A       1%          2
 Ensorcelled Hibernation  Hex/Ice        76%        N/A       2%          2
 Slow                     Hex            20%        N/A       10%         1
 Scorch                   Fire           10%        2d5       16%         2
 Gell's Gravitas          Tloc           36%        N/A       1%          3
 Lesser Beckoning         Tloc           36%        N/A       1%          3
 Spider Form              Tmut/Pois      35%        N/A       1%          3
 Teleport Other           Tloc           36%        N/A       1%          3
 Mephitic Cloud           Conj/Pois/Air  33%        N/A       2%          3
 Hailstorm                Conj/Ice       60%        3d13      3%          4
 Ignite Poison            Fire/Tmut/Pois 25%        N/A       4%          3
 Lee's Rapid Deconstruct  Erth           23%        3d14*     5%          5
 Portal Projectile        Hex/Tloc       42%        N/A       7%          3
 Leda's Liquefaction      Hex/Erth       13%        N/A       14%         4
 Flame Wave               Conj/Fire      23%        2d7       19%         4
 Fulminant Prism          Conj/Hex       11%        3d9       19%         4
 Corpse Rot               Necr/Pois/Air  21%        N/A       22%         4
 Confusing Touch          Hex            5%         N/A       30%         3
 Vampiric Draining        Necr           5%         2d6       30%         3
 Olgreb's Toxic Radiance  Pois           14%        N/A       41%         4
 Dispersal                Tloc           18%        N/A       65%         6
 Dispel Undead            Necr           5%         3d7       69%         4
 Ozocubu's Refrigeration  Ice            31%        4d11      91%         7
 Disjunction              Tloc           18%        N/A       100%        8
 Ignition                 Fire           2%         3d3       100%        8
 Call Canine Familiar     Summ           Unusable   N/A       N/A         3
 Simulacrum               Ice/Necr       Unusable   N/A       N/A         6
 Death Channel            Necr           Unusable   N/A       N/A         6
 Summon Cactus Giant      Summ           Unusable   N/A       N/A         6

Dungeon Overview and Level Annotations

Branches:
Dungeon (15/15) Zot: 3082    Lair (6/6) D:11 Zot: 1521   Swamp (4/4) Lair:3 Zot: 1836
  Snake (4/4) Lair:2 Zot: 629   Slime (0/5) Lair:5          Orc (2/2) D:12 Zot: 53
 Vaults (3/5) D:13 Zot: 708   Crypt (0/3) Vaults:3     Depths (0/4) D:15
  Sewer (visited)           IceCv (visited)         Gauntlet (visited)
 Temple: D:4-7          Elf: Orc:2

Altars:
Ashenzari
Dithmenos
Fedhas
Kikubaaqudgha
Nemelex Xobeh
Okawaru
Qazlal
Sif Muna
Xom
The Shining One
Beogh

Shops:
D:4 *   D:8 [   D:14 *   Orc:2 :?*   Snake:1 [*   Snake:2 :[?=

Annotations:
D:7 Dowan, Duvessa


Innate Abilities, Weirdness & Mutations

You are a creature of crystalline ice.
You have a powerful freezing melee attack.
You are amphibious.
Your maximum health is increased.
Your armour is entirely melded.
You are incapable of wielding weapons or throwing items.
You passively map a large area around you.
You are easily found by Zot.
You glow in the dark.
You regain HP and MP as you explore.
((You have a pair of small horns on your head.))
((Your movements are slightly less encumbered by armour. (ER -2)))


Message History

The mass of ice explodes!
The iceblast engulfs the yaktaur captain!!
The yaktaur captain is almost dead.
The iceblast engulfs the deep troll!!
You kill the deep troll!
Okawaru accepts your kill.
The iceblast engulfs the deep troll!
The deep troll is almost dead.
You are engulfed in freezing vapours.
You resist.
* * * LOW HITPOINT WARNING * * *
You hear a horrible gurgling sound!
The great orb of eyes is engulfed in freezing vapours.
The deep troll is engulfed in freezing vapours.
You kill the deep troll!
Okawaru accepts your kill.
The troll leather armour is intact enough to wear.
Aiming: Iceblast
Press: ? - help, Shift-Dir - straight line, f/p - yaktaur captain
Aim: a yaktaur captain, wielding a +0 arbalest (almost dead)
The mass of ice explodes!
The iceblast engulfs the yaktaur captain!
The yaktaur captain is almost dead.
The iceblast engulfs the great orb of eyes!
The great orb of eyes is almost dead.
You are engulfed in freezing vapours.
You resist.
* * * LOW HITPOINT WARNING * * *
The great orb of eyes is engulfed in freezing vapours.
Unknown command.
Unknown command.
You squash the great orb of eyes like an ant!!!
You freeze the great orb of eyes.
You kill the great orb of eyes!
Okawaru accepts your kill.
You are engulfed in freezing vapours.
You resist.
A necromancer comes into view.
It is wielding a +0 dagger and wearing a +2 robe of positive energy.
You are engulfed in freezing vapours.
You resist.
An ironbound convoker comes into view. It is wielding a +0 dire flail.
The yaktaur captain unwields a +0 arbalest.
The yaktaur captain hits you!!
You die...

.... ...#, , * ...
, ######## ##.,
#......############
*,,,
#......#...........
,
#......'...........
,,
#.§§§..'...........
* ** *
#.§§§..#...........
#cY§§..#...........
#§§#####...........
*#°§§# #...........
#§§§°p
*############
..#.§§#. #
*....§###p.. #
#...# , #,.. # ####
### # *


You could see a yaktaur captain, an ironbound convoker and a necromancer.

Vanquished Creatures
  Vashnia (Arena)
  Bai Suzhen (Arena)
  A thorn hunter (Swamp:4)
  Agnes (Arena)
  10 nagarajas
  3 vault wardens
  2 orc warlords (Orc:2)
  A ghoul (Swamp:3)
  7 ironbound preservers
  3 very ugly things (Vaults:2)
  2 eleionomae (Swamp:3)
  An entropy weaver (Vaults:1)
  2 bunyips
  A minotaur (Gauntlet)
  4 yaktaur captains
  4 great orbs of eyes
  2 boulder beetles
  Erica (D:8)
  2 ghost crabs
  10 vault guards
  An ogre mage (D:15)
  A peacekeeper (Vaults:1)
  A spriggan air mage (Swamp:1)
  10 hydras
  A merfolk avatar (Lair:6)
  2 alligators
  An ironbound frostheart (Vaults:2)
  10 anacondas
  17 death yaks
  9 centaur warriors
  10 two-headed ogres
  13 naga warriors
  9 naga sharpshooters
  4 shock serpents
  5 orc high priests
  A tengu warrior (D:14)
  A goliath frog (Swamp:1)
  A salamander mystic (Snake:4)
  2 skeletal warriors (D:15)
  6 sea snakes
  21 deep trolls
  2 spriggan druids
  7 swamp dragons
  A bog body (Swamp:3)
  9 naga ritualists
  A phantasmal warrior (D:15)
  9 ironbound convokers
  10 mana vipers
  2 necromancers
  6 wizards
  3 orc knights (Orc:2)
  A lindwurm (Vaults:1)
  A deep elf pyromancer (D:14)
  4 harpies
  3 orc sorcerers
  A shadow dragon zombie (D:15)
  8 salamanders
  3 will-o-the-wisps
  2 wolf spiders
  6 cyclopes
  14 ugly things
  2 manticores (D:12)
  7 elephants
  2 frost giant skeletons (D:15)
  3 guardian serpents (Snake:4)
  23 naga magi
  3 ice statues (IceCv)
  7 cane toads
  32 black mambas
  6 vault sentinels
  2 unseen horrors
  4 rime drakes
  2 gargoyles
  Maggie (D:10)
  10 yaktaurs
  2 kobold demonologists (D:11)
  6 trolls
  10 komodo dragons
  An entropy weaver simulacrum (IceCv)
  A tengu conjurer (D:15)
  6 meliai (D:15)
  4 polar bears
  A wind drake (Lair:6)
  3 hornets
  2 tyrant leeches
  A dream sheep (shapeshifter) (D:15)
  6 dream sheep (Lair:5)
  22 slime creatures
  9 blink frogs
  A snapping turtle (Lair:6)
  3 shadows
  A vampire (D:11)
  5 wyverns
  2 wraiths
  15 yaks
  2 dire elephant simulacra (IceCv)
  3 basilisks
  A wyvern (shapeshifter) (Vaults:2)
  A steam dragon (D:7)
  5 redbacks
  A warg (Orc:2)
  5 vampire mosquitoes
  6 swamp worms
  A death yak simulacrum (IceCv)
  A human zombie (D:15)
  33 nagas
  15 water moccasins
  A meliai simulacrum (Gauntlet)
  4 ice beasts
  4 swamp drakes (Swamp:4)
  7 black bears
  41 orc warriors
  Pargi (Sewer)
  7 ogres
  4 wolves (Lair:3)
  15 centaurs
  A phantom (D:6)
  3 kobold brigands (D:11)
  7 bullfrogs
  A necrophage (D:6)
  A gnoll sergeant (D:9)
  Blork the orc (D:6)
  3 scorpions
  10 wights
  3 elephant simulacra
  14 killer bees
  An electric eel (Lair:2)
  4 howler monkeys
  14 jellies
  A hound (D:6)
  4 gnoll shamans
  26 orc priests
  20 orc wizards
  4 polar bear simulacra
  A wolf simulacrum (IceCv)
  21 gnolls
  6 adders
  2 worms
  2 dart slugs
  116 orcs
  9 ball pythons
  6 endoplasms
  3 giant cockroaches
  A goblin (D:2)
  3 hobgoblins
  12 kobolds
  4 quokkas
  3 bats
  8 frilled lizards
  5 rats
961 creatures vanquished.

Vanquished Creatures (others)
  A rat (D:3)
  8 foxfires
  21 fungi
  41 plants
  9 withered plants (D:15)
80 creatures vanquished.

Grand Total: 1041 creatures vanquished

Notes
Turn   | Place    | Note
-------+----------+-------------------------------------------
     0 | D:1      | shoop the Meteoran Transmuter began the quest for the Orb.
     0 | D:1      | Reached XP level 1. HP: 16/16 MP: 5/5
    71 | D:1      | Reached XP level 2. HP: 23/23 MP: 6/6
    73 | D:1      | Found a faded altar of an unknown god.
    76 | D:1      | Reached skill level 4 in Unarmed Combat
    80 | D:1      | Prayed at the altar of an unknown god.
    80 | D:1      | Became a worshipper of Warmaster Okawaru
    80 | D:1      | Reached * piety under Okawaru
   219 | D:2      | Reached XP level 3. HP: 28/28 MP: 6/8
   231 | D:2      | Learned a level 3 spell: Spider Form
   243 | D:2      | Reached skill level 1 in Invocations
   335 | D:2      | You fall into a shaft and drop 1 floor!
   462 | D:3      | Reached XP level 4. HP: 31/36 MP: 7/9
   490 | D:3      | Learned a level 4 spell: Ice Form
   565 | D:4      | Found Rautuek's Fire Supplies.
   612 | D:4      | Noticed a black bear
   619 | D:4      | Killed a black bear
   620 | D:4      | Reached skill level 5 in Unarmed Combat
   620 | D:4      | Reached XP level 5. HP: 31/41 MP: 4/10
   730 | D:4      | Reached XP level 6. HP: 42/48 MP: 9/11
   809 | D:4      | Reached ** piety under Okawaru
   853 | D:5      | Entered Level 5 of the Dungeon
  1040 | D:6      | Reached XP level 7. HP: 25/55 MP: 11/13
  1079 | D:6      | Noticed a water moccasin
  1087 | D:6      | Killed a water moccasin
  1113 | D:6      | Reached skill level 6 in Unarmed Combat
  1115 | D:6      | Found a stormy altar of Qazlal.
  1136 | D:6      | Noticed Blork the orc
  1142 | D:6      | Killed Blork the orc
  1154 | D:6      | Reached XP level 8. HP: 25/61 MP: 4/15
  1163 | D:6      | Reached *** piety under Okawaru
  1164 | D:6      | Reached skill level 5 in Transmutations
  1188 | D:6      | Reached skill level 7 in Unarmed Combat
  1263 | D:6      | Found a glowing drain.
  1267 | Sewer    | Entered a sewer
  1273 | Sewer    | Reached skill level 5 in Spellcasting
  1305 | Sewer    | Noticed Pargi
  1312 | Sewer    | Killed Pargi
  1419 | D:6      | Reached skill level 8 in Unarmed Combat
  1419 | D:6      | Gained mutation: You passively map the area around you.
                  | [Meteoran growth]
  1419 | D:6      | Reached XP level 9. HP: 67/67 MP: 17/17
  1433 | D:6      | Reached **** piety under Okawaru
  1543 | D:7      | Noticed Dowan
  1543 | D:7      | Noticed Duvessa
  1725 | D:7      | Reached skill level 1 in Evocations
  1834 | D:7      | Reached skill level 9 in Unarmed Combat
  1959 | D:7      | Learned a level 2 spell: Passwall
  1976 | D:8      | Found a shadowy altar of Dithmenos.
  2042 | D:8      | Found a shimmering altar of Xom.
  2042 | D:8      | Found a shimmering altar of Xom.
  2042 | D:8      | Found a shimmering altar of Xom.
  2042 | D:8      | Found a shimmering altar of Xom.
  2042 | D:8      | Found a shimmering altar of Xom.
  2043 | D:8      | Found a shimmering altar of Xom.
  2048 | D:8      | Noticed Erica
  2084 | D:8      | Found a glowing golden altar of the Shining One.
  2100 | D:8      | Reached skill level 1 in Earth Magic
  2102 | D:8      | Reached XP level 10. HP: 14/77 MP: 16/18
  2104 | D:8      | HP: 4/92 [poisoned by a killer bee]
  2151 | D:8      | Reached ***** piety under Okawaru
  2321 | D:8      | Found a sparkling altar of Nemelex Xobeh.
  2333 | D:8      | Reached skill level 5 in Dodging
  2342 | D:8      | Reached skill level 10 in Unarmed Combat
  2405 | D:8      | Found Rohetiakk's Armour Boutique.
  2545 | D:8      | Killed Erica
  2546 | D:8      | Reached skill level 5 in Fighting
  2578 | D:9      | Found a blossoming altar of Fedhas.
  2632 | D:9      | Reached skill level 11 in Unarmed Combat
  2632 | D:9      | Gained mutation: Your movements are slightly less
                  | encumbered by armour. (ER -2) [potion of mutation]
  2632 | D:9      | Gained mutation: You have a pair of small horns on your
                  | head. [potion of mutation]
  2637 | D:9      | HP: 4/97 [killer bee (3)]
  2728 | D:9      | Learned a level 3 spell: Swiftness
  2783 | D:9      | Found a broken altar of Ashenzari.
  2904 | D:8      | Reached skill level 1 in Air Magic
  3107 | D:10     | Entered Level 10 of the Dungeon
  3188 | D:10     | Found an ancient bone altar of Kikubaaqudgha.
  3197 | D:10     | Reached XP level 11. HP: 83/88 MP: 19/19
  3272 | D:10     | Reached skill level 5 in Invocations
  3339 | D:10     | Received a gift from Okawaru
  3417 | D:10     | Noticed Maggie
  3421 | D:10     | Killed Maggie
  3422 | D:10     | Reached skill level 12 in Unarmed Combat
  3689 | D:11     | Noticed a cyclops
  3711 | D:11     | Killed a cyclops
  3711 | D:11     | Reached ****** piety under Okawaru
  3763 | D:11     | Found a staircase to the Lair.
  3763 | D:11     | Noticed an elephant
  3782 | D:11     | Killed an elephant
  3798 | D:11     | Identified the +0 gold dragon scales "Gior" {rPois rF+ rC+
                  | Will++ Str-4 Dex+7} (Okawaru gifted it to you on level 11
                  | of the Dungeon)
  3798 | D:11     | Received a gift from Okawaru
  3979 | D:12     | Noticed a cyclops
  3988 | D:12     | Killed a cyclops
  3989 | D:12     | Reached skill level 13 in Unarmed Combat
  4011 | D:12     | Found a staircase to the Orcish Mines.
  4033 | D:12     | Noticed a two-headed ogre
  4040 | D:12     | Killed a two-headed ogre
  4041 | D:12     | Reached XP level 12. HP: 100/100 MP: 13/20
  4486 | D:13     | Found a gate to the Vaults.
  4486 | D:13     | Noticed a vault guard
  4486 | D:13     | Noticed a vault guard
  4486 | D:13     | Noticed a vault guard
  4486 | D:13     | Noticed a vault guard
  4486 | D:13     | Noticed a vault guard
  4486 | D:13     | Noticed a vault guard
  4595 | Lair:1   | Entered Level 1 of the Lair of Beasts
  4657 | Lair:1   | Reached skill level 14 in Unarmed Combat
  4849 | Lair:3   | Identified the +1 cloak of Hedge Wizardry {Harm Str+3}
                  | (Okawaru gifted it to you on level 3 of the Lair of Beasts)
  4849 | Lair:3   | Received a gift from Okawaru
  4930 | Lair:3   | Reached XP level 13. HP: 47/108 MP: 19/21
  4935 | Lair:3   | Found a staircase to the Swamp.
  4963 | Lair:3   | Found a frozen archway.
  4990 | IceCv    | Entered an ice cave
  5034 | IceCv    | Reached skill level 15 in Unarmed Combat
  5124 | IceCv    | Reached skill level 10 in Dodging
  5210 | Lair:3   | Found a gate leading to a gauntlet.
  5219 | Gauntlet | Entered a Gauntlet
  5219 | Gauntlet | Found a transporter.
  5228 | Gauntlet | Found a transporter.
  5229 | Gauntlet | Found a transporter.
  5244 | Gauntlet | Found a transporter.
  5245 | Gauntlet | Found a transporter.
  5253 | Gauntlet | Found a transporter.
  5269 | Gauntlet | Found a transporter.
  5270 | Gauntlet | Noticed a reaper
  5278 | Gauntlet | Found a runed translucent gate.
  5279 | Gauntlet | Found a transporter.
  5279 | Gauntlet | Found a runed translucent gate.
  5280 | Gauntlet | Found a runed translucent gate.
  5289 | Gauntlet | Found a transporter.
  5303 | Gauntlet | Found a transporter.
  5314 | Gauntlet | Found a transporter.
  5314 | Gauntlet | Found a transporter.
  5353 | Gauntlet | Reached skill level 10 in Invocations
  5365 | Gauntlet | Found a transporter.
  5403 | Arena    | Entered the Arena
  5418 | Gauntlet | Reached skill level 10 in Fighting
  5441 | Gauntlet | Learned a level 5 spell: Freezing Cloud
  5458 | Gauntlet | Identified the +5 hand crossbow of Cowardice {freeze, rF+
                  | Will+ rCorr}
  5458 | Gauntlet | Noticed a minotaur
  5471 | Gauntlet | Killed a minotaur
  5471 | Gauntlet | Identified the +4 chain mail "Kyser" {Regen+ Dex-4 Stlth+}
                  | (Okawaru gifted it to you in a Gauntlet)
  5471 | Gauntlet | Received a gift from Okawaru
  5472 | Gauntlet | Reached skill level 1 in Conjurations
  5482 | Gauntlet | Learned a level 2 spell: Blink
  5510 | Lair:4   | Noticed a death yak
  5510 | Lair:4   | Noticed a death yak
  5510 | Lair:4   | Noticed a death yak
  5510 | Lair:4   | Noticed a death yak
  5510 | Lair:4   | Noticed a death yak
  5565 | Lair:5   | Found a staircase to the Slime Pits.
  5581 | Lair:5   | Reached skill level 1 in Translocations
  5621 | Lair:5   | Noticed a death yak
  5639 | Lair:5   | Reached skill level 5 in Ice Magic
  5641 | Lair:5   | Killed a death yak
  5656 | Lair:5   | Noticed a death yak
  5669 | Lair:5   | Killed a death yak
  5678 | Lair:5   | Noticed a death yak
  5725 | Lair:5   | Reached skill level 5 in Air Magic
  5753 | Lair:5   | Noticed a death yak
  5755 | Lair:5   | Noticed a death yak
  5771 | Lair:5   | Killed a death yak
  5774 | Lair:5   | Noticed a death yak
  5778 | Lair:5   | Killed a death yak
  5787 | Lair:5   | Killed a death yak
  5792 | Lair:5   | Killed a death yak
  5839 | Lair:5   | Reached XP level 14. HP: 121/121 MP: 22/22
  5843 | Lair:5   | Reached skill level 5 in Conjurations
  5887 | Lair:6   | Entered Level 6 of the Lair of Beasts
  6016 | Lair:6   | Received a gift from Okawaru
  6344 | Lair:6   | Identified the +1 plate armour of Infinity {rPois Int+6}
                  | (Okawaru gifted it to you on level 6 of the Lair of Beasts)
  6344 | Lair:6   | Received a gift from Okawaru
  6661 | Lair:5   | Reached XP level 15. HP: 128/128 MP: 23/23
  6995 | Orc:1    | Entered Level 1 of the Orcish Mines
  7117 | Orc:2    | Entered Level 2 of the Orcish Mines
  7404 | Orc:2    | Reached skill level 16 in Unarmed Combat
  7404 | Orc:2    | Reached XP level 16. HP: 137/137 MP: 25/25
  7513 | Orc:2    | Noticed an orc warlord
  7532 | Orc:2    | Killed an orc warlord
  7685 | Orc:2    | Found Ityzacre's Assorted Antiques.
  7690 | Orc:2    | Identified the +0 ring mail of Okawaru's Approval {Int+10}
                  | (Okawaru gifted it to you on level 2 of the Orcish Mines)
  7690 | Orc:2    | Received a gift from Okawaru
  7795 | Orc:2    | Found Taffiawy's Magic Scroll Boutique.
  7874 | Orc:2    | Noticed an orc warlord
  7891 | Orc:2    | Killed an orc warlord
  7892 | Orc:2    | Reached skill level 17 in Unarmed Combat
  7924 | Orc:2    | Found Diceuhuo's Book Boutique.
  7934 | Orc:2    | Found Niezxuh's Magic Scroll Shop.
  7943 | Orc:2    | Bought a scroll of identify for 26 gold pieces
  7944 | Orc:2    | Bought a scroll of identify for 26 gold pieces
  7944 | Orc:2    | Bought a scroll of identify for 26 gold pieces
  7944 | Orc:2    | Bought a scroll of identify for 26 gold pieces
  7944 | Orc:2    | Bought a scroll of identify for 26 gold pieces
  8006 | Orc:2    | Paralysed by an orc sorcerer for 5 turns
  8304 | D:13     | Found a sparkling altar of Nemelex Xobeh.
  8480 | D:13     | Identified the +1 plate armour of the Wumpus {rPois rF++
                  | rN+ Str-2} (Okawaru gifted it to you on level 13 of the
                  | Dungeon)
  8480 | D:13     | Received a gift from Okawaru
  8604 | D:13     | Reached XP level 17. HP: 104/146 MP: 14/27
  8870 | D:14     | Reached skill level 18 in Unarmed Combat
  8870 | D:14     | Found Uzogroul's Assorted Antiques.
  8985 | D:15     | Entered Level 15 of the Dungeon
  9037 | D:15     | Noticed Agnes
  9042 | Arena    | Entered the Arena
  9047 | Arena    | Killed Agnes
  9239 | D:15     | Received a gift from Okawaru
  9380 | D:15     | Found a staircase to the Depths.
  9616 | Lair:3   | Identified the +6 war axe "Wiwoxemi" {flame, Int+6 Dex+2
                  | Stlth+}
  9659 | Swamp:1  | Entered Level 1 of the Swamp
  9664 | Swamp:1  | Reached skill level 19 in Unarmed Combat
  9722 | Swamp:4  | Entered Level 4 of the Swamp
  9888 | Swamp:3  | Identified the +3 leather armour "Lacw" {rPois rCorr Str+5
                  | Dex-5}
  9952 | Arena    | Entered the Arena
 10034 | Swamp:4  | Gained mutation: You passively map a large area around you.
                  | [Meteoran growth]
 10034 | Swamp:4  | Reached XP level 18. HP: 153/153 MP: 8/28
 10035 | Swamp:4  | Received a gift from Okawaru
 10133 | Swamp:4  | Noticed Bai Suzhen
 10145 | Arena    | Entered the Arena
 10154 | Arena    | Killed Bai Suzhen
 10169 | Swamp:4  | Noticed a thorn hunter
 10182 | Swamp:4  | Killed a thorn hunter
 10183 | Swamp:4  | Reached skill level 20 in Unarmed Combat
 10265 | Swamp:4  | Got a decaying rune of Zot
 10394 | Lair:4   | Received a gift from Okawaru
 10492 | Lair:2   | Found a staircase to the Snake Pit.
 10509 | Snake:1  | Entered Level 1 of the Snake Pit
 10612 | Snake:1  | Found Ingemiqu's Overcharged Wands.
 10754 | Snake:2  | Received a gift from Okawaru
 10787 | Snake:2  | Reached skill level 21 in Unarmed Combat
 10869 | Snake:1  | Found Baoqi's Antique Armour Emporium.
 10970 | Snake:2  | Noticed Vashnia
 10971 | Arena    | Entered the Arena
 10983 | Arena    | Killed Vashnia
 10983 | Arena    | Identified the +4 scale mail "Yguifaiq" {-Cast rElec Dex+5}
                  | (Okawaru gifted it to you in the Arena)
 10983 | Arena    | Received a gift from Okawaru
 11012 | Snake:2  | Reached skill level 15 in Dodging
 11012 | Snake:2  | Upgraded the game from 0.29-a0-620-g13ace881f2 to
                  | 0.29-a0-643-ga013cefcf8
 11015 | Snake:2  | Reached XP level 19. HP: 26/168 MP: 3/29
 11023 | Snake:2  | Found Jyeschor's Armour Emporium.
 11023 | Snake:2  | Found Seuxiw's Book Emporium.
 11023 | Snake:2  | Found Vots's Magic Scroll Shoppe.
 11040 | Snake:2  | Bought the Unrestrained Analects for 792 gold pieces
 11044 | Snake:2  | Found Fyobun's Jewellery Shoppe.
 11198 | Arena    | Entered the Arena
 11312 | Snake:3  | Learned a level 5 spell: Manifold Assault
 11321 | Snake:4  | Entered Level 4 of the Snake Pit
 11598 | Snake:4  | Reached skill level 22 in Unarmed Combat
 11743 | Snake:4  | Found a shimmering blue altar of Sif Muna.
 11853 | Snake:4  | Identified the +0 chain mail of the Gate {Int+4} (Okawaru
                  | gifted it to you on level 4 of the Snake Pit)
 11853 | Snake:4  | Received a gift from Okawaru
 11861 | Snake:4  | Reached skill level 15 in Fighting
 11898 | Snake:4  | Reached skill level 5 in Translocations
 11930 | Snake:4  | Got a serpentine rune of Zot
 12218 | Snake:3  | Reached XP level 20. HP: 163/178 MP: 30/30
 12661 | Orc:2    | Bought a book of the Earth for 504 gold pieces
 12675 | Orc:2    | Glimpsed the power of Zot.
 12730 | D:12     | Learned a level 6 spell: Statue Form
 12784 | Vaults:1 | Entered Level 1 of the Vaults
 12832 | Vaults:1 | Identified the +3 arbalest of Hoestid {freeze, rPois rN+}
                  | (Okawaru gifted it to you on level 1 of the Vaults)
 12832 | Vaults:1 | Received a gift from Okawaru
 13233 | Vaults:2 | Received a gift from Okawaru
 13268 | Vaults:2 | Reached skill level 5 in Earth Magic
 13334 | Vaults:2 | Identified the +4 executioner's axe of Ucliqaov {pain,
                  | Dex+3 SInv} (Okawaru gifted it to you on level 2 of the
                  | Vaults)
 13334 | Vaults:2 | Received a gift from Okawaru
 13369 | Vaults:2 | Paralysed by a great orb of eyes for 3 turns
 13493 | Vaults:2 | Reached skill level 10 in Transmutations
 13508 | Vaults:2 | Identified a scroll of acquirement
 13508 | Vaults:2 | Acquired 1156 gold pieces
 13548 | Vaults:2 | Received a gift from Okawaru
 13854 | Vaults:3 | Reached XP level 21. HP: 179/184 MP: 22/31
 13997 | Vaults:3 | Slain by a yaktaur captain

Illustrated notes

Levels and vault maps discovered:
D:1:      dpeg_arrival_arbitrary_b, layout_rooms,
          shapermc_ecumenical_altar_pompeii, minmay_misc_feat_chi
D:2:      layout_loops_ring, minmay_lizard_pond
D:3:      layout_loops_corners, hangedman_decor_clover_reticule,
          minmay_crystal_room, kennysheep_donut, roderic_roman_lattice,
          grunt_ministairs_2, serial_bayou_pond_d, lemuel_old_faithful
D:4:      layout_basic, nicolae_shop_fire_sale [nicolae_sub_dead_trees],
          minmay_checkerbox
D:5:      layout_loops_corners, minmay_temple_entry_crystal_x
D:6:      layout_cave_pools, mainiacjoe_overflow_cross_hatched,
          gup_sewer_entry_bowl, grunt_ministairs_2, hangedman_minor_gate_pass,
          uniq_blork_the_orc
D:7:      layout_gridville, tgw_sif, uniq_duvessa
D:8:      layout_cave_pods, xom_redecorated,
          mainiacjoe_overflow_six_doors_small, grunt_temple_overflow_open,
          serial_shops, shop, minmay_misc_feat_encased,
          nicolae_shop_dragon_depot, uniq_erica
D:9:      layout_long_grid, nicolae_ashenzari_skybound,
          fedhas_bush_and_centaur_altar, special_room [special_room_orc]
D:10:     layout_roguey, kiku_gazebo_garden_becter, uniq_maggie
D:11:     layout_gridville, david_lair_generic
D:12:     minmay_spotlight, layout_grid_maze, orc_0_dummy
D:13:     layout_cave_pods, erik_vaults_2, nemelex_lonely_heart_becter
D:14:     layout_cave_pools, nicolae_figureground_pulse, serial_shops,
          nicolae_shop_crystal, nicolae_two_hexagons
D:15:     gammafunk_depths_entry_grave, layout_rooms, corexii_leaking_fountain,
          uniq_agnes
Lair:1:   beast_lair_carwin_large_3, layout_chaotic_city, st_stairs_6,
          lemuel_fruit_tree
Lair:2:   layout_cellular_growth, minmay_snake_entry_six_corridors,
          serial_rivers, chequers_serial_rivers_marsh,
          chequers_serial_rivers_micro_b, chequers_serial_rivers_micro_d,
          chequers_serial_rivers_marsh, chequers_serial_rivers_large_b,
          chequers_serial_rivers_large_a, st_stairs_8, infiniplex_staircase_pool
Lair:3:   layout_gridlike, minmay_swamp_entry_reptiles,
          portal_ice_cave_entry_ice_simulacra, gauntlet_entry_generic,
          grunt_megastairs_5
Lair:4:   layout_cave_shapes
Lair:5:   layout_regular_city, minmay_slime_entry_jelly_boxes, serial_forest,
          infiniplex_forest_straight_3, infiniplex_forest_split,
          infiniplex_forest_lined_2, infiniplex_forest_fountain,
          infiniplex_forest_straight_3, beast_lair_carwin_10
Lair:6:   gammafunk_lair_ancient_temple, layout_regular_city
Swamp:1:  layout_falls_marsh, evilmike_swamp_ruin_house_3
Swamp:2:  layout_basic_swamp, evilmike_swamp_ruin_wall, swamp_pool5,
          st_swamp_ruins_3
Swamp:3:  layout_basic_swamp, nicolae_swamp_oxbows, grunt_lady_of_the_lake,
          infiniplex_staircase_pool_2
Swamp:4:  swamp_alternative, layout_basic_swamp, swamp_pool2, uniq_bai_suzhen
Snake:1:  layout_grid_maze, serial_shops, shop, nicolae_shop_overcharged_wands,
          serial_bayou_shore_a
Snake:2:  layout_onion_interference, minmay_shoptagon, uniq_vashnia
Snake:3:  layout_cave_shapes
Snake:4:  grunt_snake_rune_pools, layout_misc_corridors, basic_altar
Orc:1:    layout_caves, bh_open_orc_temple
Orc:2:    pubby_orc_utopia
Vaults:1: v_alt_pattern_3, vaults_mumra_minichess, v_misc_28,
          nicolae_vaults_asterisk, gammafunk_sealed_arena,
          nicolae_vaults_network_star, ontoclasm_vaults_twist,
          grunt_vaults_twisty, nicolae_vaults_little_squares_6,
          layout_vaults_quadrants, uniq_zenata
Vaults:2: v_misc_2, hangedman_vaults_slice, nicolae_vaults_what_the_h,
          v_misc_26, hangedman_vaults_snaps, ontoclasm_vaults_shuriken,
          hangedman_vaults_locks, ontoclasm_vaults_fault, layout_vaults_omnibox
Vaults:3: nicolae_vaults_arrows, minmay_crypt_entry_simple_corners,
          nicolae_vaults_little_ls, v_misc_32, vaults_mumra_hexcomb,
          hangedman_vaults_slice, v_misc_2, ontoclasm_vaults_tryst,
          nicolae_vaults_back_hallway, v_rooms_1, vaults_dpeg_spiral, v_misc_23,
          nicolae_vaults_gold_heap, grunt_vaults_diagonal, layout_vaults_maze,
          serial_shops, shop

Skill      XL: |  1  2  3  4  5  6  7  8  9 10 11 12 13 14 15 16 17 18 19 20 21 |
---------------+----------------------------------------------------------------+-----
Unarmed Combat | 4 5 6 8 9 11 13 14 15 16 17 19 21 22 | 22.7
Invocations    | 1 4 7 8 10 11 12 13 | 13.0
Dodging        | 3 4 6 8 9 10 11 12 13 15 16 | 16.1
Fighting       | 2 3 5 7 8 10 11 13 14 15 | 15.3
Poison Magic   | 2 |  2.0
Transmutations | 3 4 5 6 10 11 | 11.5
Spellcasting   | 3 4 5 |  5.3
Ice Magic      | 2 3 4 6 8 9 |  9.0
Evocations     | 4 |  4.0
Earth Magic    | 1 2 8 9 |  9.5
Air Magic      | 1 3 6 8 9 |  9.0
Conjurations   | 4 7 8 |  8.0
Translocations | 2 5 7 |  7.0

Action                   |  1- 3 |  4- 6 |  7- 9 | 10-12 | 13-15 | 16-18 | 19-21 || total
-------------------------+-------+-------+-------+-------+-------+-------+-------++-------
Melee: Unarmed           |    62 |    37 |   177 |   384 |   503 |   718 |   542 ||  2423
       Kick              |    15 |     2 |       |       |       |       |       ||    17
       Headbutt          |     7 |       |       |       |     2 |       |     2 ||    11
       Punch             |     1 |     1 |       |       |     1 |       |       ||     3
       Staff             |       |       |     1 |     1 |     5 |       |     5 ||    12
Throw: Dart              |       |     2 |       |       |       |       |       ||     2
 Cast: Beastly Appendage |    12 |     4 |       |       |       |       |       ||    16
       Spider Form       |       |     4 |       |     2 |       |       |       ||     6
       Ice Form          |       |       |    10 |    24 |    22 |    30 |    25 ||   111
       Passwall          |       |       |       |    12 |     2 |       |     4 ||    18
       Swiftness         |       |       |       |       |     3 |     1 |       ||     4
       Freezing Cloud    |       |       |       |       |     4 |    55 |    44 ||   103
       Blink             |       |       |       |       |       |     3 |     4 ||     7
Invok: Heroism           |       |     2 |     3 |    15 |    19 |    21 |     6 ||    66
       Finesse           |       |       |       |       |     3 |     1 |       ||     4
       Duel              |       |       |       |       |     1 |     4 |     1 ||     6
 Abil: End Transformatio |       |       |       |       |     1 |       |       ||     1
Evoke: Wand              |       |       |       |     4 |     1 |     6 |     5 ||    16
       Tin of tremorston |       |       |       |       |       |     3 |     1 ||     4
       Phial of floods   |       |       |       |       |       |     1 |       ||     1
       Lightning rod     |       |       |       |       |       |       |     3 ||     3
  Use: Potion            |       |     1 |       |     2 |     2 |     1 |       ||     6
       Scroll            |       |       |     3 |    14 |     6 |     7 |     3 ||    33
 Stab: Distracted        |       |       |       |       |     1 |       |       ||     1
Armor: Robe              |    19 |     2 |     3 |       |       |       |       ||    24
       Skin              |       |    25 |    76 |   195 |   133 |   213 |   122 ||   764
       Ring mail         |       |       |       |       |       |     1 |     2 ||     3
Dodge: Dodged            |    26 |    13 |    82 |   246 |   241 |   443 |   299 ||  1350

Table legend: (Time is in decaauts)
 A = Elapsed time spent in this place.
 B = Non-inter-level travel time spent in this place.
 C = Inter-level travel time spent in this place.
 D = Time resting spent in this place.
 E = Time spent auto-exploring this place.
 F = Levels seen in this place.
 G = Mean time per level.
                   A        B        C        D        E       F      G
               +--------+--------+--------+--------+--------+-----+--------+
         Total |  13195 |  12185 |   1010 |      0 |    226 |  43 |  306.9 |
       Dungeon |   5917 |   5443 |    474 |      0 |    225 |  15 |  394.5 |
          Lair |   2078 |   1884 |    194 |      0 |      1 |   6 |  346.3 |
         Swamp |    563 |    519 |     44 |      0 |      0 |   4 |  140.8 |
     Snake Pit |   1770 |   1673 |     97 |      0 |      0 |   4 |  442.5 |
  Orcish Mines |   1146 |    981 |    165 |      0 |      0 |   2 |  573.0 |
        Vaults |   1091 |   1058 |     33 |      0 |      0 |   3 |  363.7 |
         Sewer |    118 |    118 |      0 |      0 |      0 |   1 |  118.0 |
      Ice Cave |    181 |    181 |      0 |      0 |      0 |   1 |  181.0 |
      Gauntlet |    252 |    252 |      0 |      0 |      0 |   1 |  252.0 |
         Arena |     75 |     75 |      0 |      0 |      0 |   6 |   12.5 |
               +--------+--------+--------+--------+--------+-----+--------+

Top non-repeatable levels by time:
   Orc:2: 891 daAuts
    D:12: 735 daAuts
    D:13: 681 daAuts
 Snake:4: 679 daAuts
Vaults:2: 595 daAuts
     D:8: 575 daAuts
     D:9: 515 daAuts
  Lair:5: 476 daAuts
  Lair:6: 461 daAuts
     D:7: 460 daAuts
 Snake:2: 455 daAuts
    D:10: 447 daAuts
     D:6: 420 daAuts
    D:11: 420 daAuts
 Snake:1: 410 daAuts
